 Dungeon Crawl Stone Soup version 0.18-a0-1426-g3b9a63c (webtiles) character file.

662169 Speciesxx the Swordmaster (level 27, -12/288 HPs)
             Began as a Minotaur Wanderer on Feb 26, 2016.
             Was a High Priest of Trog.
             Killed from afar by Keotuset the pandemonium lord (37 damage)
             ... with a great icy blast
             ... on level 9 of the Dungeon on Feb 27, 2016.
             The game lasted 04:37:44 (68625 turns).

Speciesxx the Swordmaster (Minotaur Wanderer)      Turns: 68625, Time: 04:37:45

Health: -12/288    AC: 34    Str: 34      XL:     27
Magic:  0/31       EV: 20    Int: 11 (12) God:    Trog [*****.]
Gold:   5490       SH:  0    Dex: 11      Spells: 0 memorised, 26 levels left

rFire  + + .     SeeInvis +     b - +9 triple sword (holy)
rCold  . . .     Gourm    .     K - +8 fire dragon armour
rNeg   + . .     Faith    .     (shield currently unavailable)
rPois  .         Spirit   +     d - +2 hat {Spirit}
rElec  +         Dismiss  .     v - +1 cloak "Iqiuseeps" {rN+ MR+ Str-3 Dex+4}
rCorr  .         Reflect  .     I - +2 pair of gloves
SustAt .         Harm     .     k - +1 pair of boots
MR     +++++                    A - amulet of Vitality {Regen+ HP+15}
Stlth  ..........               S - ring of see invisible
                                w - ring "Hatexuth" {rElec rC+ MR+ Str+5 Int+4}

@: exhausted, about to teleport, silence, regenerating, slowed, very slow,
almost entirely resistant to hostile enchantments, extremely unstealthy
A: retaliatory headbutt, horns 2, clumsy 1, deformed body, deterioration 1, low
mp 1, screaming 2
a: Renounce Religion
0: Orb of Zot
}: 3/15 runes: serpentine, barnacled, silver


You were on level 9 of the Dungeon.
You worshipped Trog.
Trog was extremely pleased with you.
You were full.

You visited 9 branches of the dungeon, and saw 49 of its levels.
You visited the Abyss 1 time.
You visited 1 ziggurat, and saw 8 of its levels.
You also visited: Sewer, Ossuary, Ice Cave and Volcano.

You collected 9018 gold pieces.
You spent 3528 gold pieces at shops.

Inventory:

Hand Weapons
 a - the +7 great sword of Hedonism {slice, rC+ Int+2}
   (Trog gifted it to you on level 2 of the Vaults)

   It inflicts extra damage upon your enemies.
   It affects your intelligence (+2).
   It protects you from cold.
 b - a +9 triple sword of holy wrath (weapon)
 s - the +9 blowgun "Puogi" {evade, rF+}
   (You found it on level 1 of the Lair of Beasts)

   It affects your evasion (+5 to EV).
   It protects you from fire.
Missiles
 h - 7 throwing nets
 n - 1298 stones (quivered)
 E - 129 poisoned needles
 V - 31 needles of sleeping
 Z - 8 curare-tipped needles
Armour
 d - a +2 hat of spirit shield (worn)
 k - a +1 pair of boots (worn)
 v - the +1 cloak "Iqiuseeps" (worn) {rN+ MR+ Str-3 Dex+4}
   (You bought it in a shop on level 5 of the Depths)

   It affects your strength (-3).
   It affects your dexterity (+4).
   It protects you from negative energy.
   It affects your resistance to hostile enchantments.
 I - a +2 pair of gloves (worn)
 K - a +8 fire dragon armour (worn)
Rods
 D - a +2 rod of shadows (12/12)
   (You took it off a hell knight on level 5 of the Depths)
Jewellery
 o - an uncursed ring of resist corrosion
 w - the ring "Hatexuth" (left hand) {rElec rC+ MR+ Str+5 Int+4}
   (You found it on level 3 of the Vaults)

   [ring of strength]

   It affects your strength (+5).
   It affects your intelligence (+4).
   It protects you from cold.
   It insulates you from electricity.
   It affects your resistance to hostile enchantments.
 A - the amulet of Vitality (around neck) {Regen+ HP+15}
   (You took it off a merfolk on level 4 of the Shoals)

   [amulet of regeneration]

   It affects your health (+15).
   It increases your rate of regeneration.
 R - an uncursed ring of poison resistance
 S - a ring of see invisible (right hand)
Wands
 p - a wand of digging (8/24)
 O - a wand of teleportation (6/9)
 Q - a wand of heal wounds (1/9)
 Y - a wand of teleportation (8/9)
Scrolls
 c - a scroll of teleportation
 g - 2 scrolls of fog
 q - 4 scrolls of blinking
 r - 4 scrolls of fear
 u - 21 scrolls of remove curse
 x - 8 scrolls of recharging
 y - a scroll of magic mapping
 z - 4 scrolls of enchant weapon
 B - 2 scrolls of summoning
 C - 6 scrolls of identify
 X - a scroll of silence
Potions
 f - a potion of mutation
 i - a potion of resistance
 l - 4 potions of might
 m - 14 potions of curing
 t - 10 potions of flight
 F - 3 potions of ambrosia
 G - a potion of haste
 H - 6 potions of agility
 L - 2 potions of invisibility
 M - 7 potions of lignification
 W - 5 potions of cancellation
Miscellaneous
 e - a phial of floods
 j - a lamp of fire
 J - a fan of gales
Comestibles
 N - 17 fruits
 P - 6 meat rations
 U - 12 royal jellies


   Skills:
 O Level 27 Fighting
 O Level 27 Long Blades
   Level 1.2 Axes
 - Level 1.0 Throwing
 O Level 27 Armour
 - Level 20.8 Dodging
   Level 4.1 Shields
   Level 1.3 Translocations
   Level 2.1 Air Magic
 + Level 18.1 Evocations


You had 26 spell levels left.
You didn't know any spells.

Dungeon Overview and Level Annotations

Branches:
Dungeon (15/15)            Temple (1/1) D:4            Lair (8/8) D:9
 Shoals (4/4) Lair:4        Snake (4/4) Lair:3        Slime (0/6) Lair:8
    Orc (2/2) D:9             Elf (0/3) Orc:2        Vaults (5/5) D:14
  Crypt (0/3) Vaults:3     Depths (5/5) D:15            Zot (5/5) Depths:5

Altars:
Ashenzari
Cheibriados
Dithmenos
Elyvilon
Fedhas
Gozag
Kikubaaqudgha
Makhleb
Nemelex Xobeh
Okawaru
Pakellas
Qazlal
Ru
Sif Muna
Trog
Vehumet
Xom
Yredelemnul
Zin
The Shining One
Beogh
Jiyva
Lugonu

Shops:
D:9 (   D:12 }   D:14 ?   Orc:2 [%(?   Shoals:1 (   Shoals:4 [=!   Vaults:1 ?
Vaults:2 =   Vaults:3 (((   Vaults:5 (   Depths:5 [(

Portals:
Hell: Depths:1 Depths:2 Depths:3 Depths:4 Depths:5
Abyss: Depths:2 Depths:3 Depths:4
Pandemonium: Depths:1 Depths:3

Annotations:
D:3 exclusion: oklob plant
Lair:5 exclusion: downstairs
Shoals:3 exclusion: 2 downstairs
Snake:1 exclusion: electric eel
Vaults:2 exclusion: downstairs
Vaults:4 Mara
Depths:3 exclusion: downstairs


Innate Abilities, Weirdness & Mutations

You reflexively headbutt those who attack you in melee.
You have a pair of horns on your head.
You are clumsy. (Dex -2)
Armour fits poorly on your strangely shaped body.
Your body sometimes deteriorates upon taking damage.
Your magical capacity is low (-10% MP).
You sometimes yell uncontrollably at your foes.


Message History

* * * LOW HITPOINT WARNING * * *
The ice encasing you melts away. Keotuset gestures at you.
You feel haunted.
Keotuset is engulfed in freezing vapours.
Keotuset hits you but does no damage.
Evoke which item? (* to show all) (? for menu, Esc to quit)
That item cannot be evoked!
Evoke which item? (* to show all) (? for menu, Esc to quit)
Zapping:
Q - a wand of heal wounds (2/9)
Press: ? - help, Shift-Dir - straight line, f - you You feel much better.
This wand has 1 charge left.
You are engulfed in freezing vapours.
* * * LOW HITPOINT WARNING * * *
Keotuset hits you but does no damage.
Keotuset is engulfed in freezing vapours.
Keotuset gestures at you.
Keotuset conjures a mighty blast of ice!
The great icy blast engulfs you!
You die...

#######.# #...# #.# #.
........#######.#.######.########
...............∩........=........
..............#.#................
######..#######...####..#########
#..# ##### #..# #..# #..#
######..##############..#########
............§§WW@&Z.Z............
.....#################.<.........
###..# #[.........> #..#
#..........[ #..# #...........
#..# #....2...... #..#
#........... #..# #...........
#..# #...........


You could see Keotuset, 2 freezing wraiths, a quokka zombie and a centaur
zombie.

Vanquished Creatures
  5 orbs of fire (Zot:5)
  8 ancient liches (Zot:5)
  Sojobo (Depths:4)
  5 juggernauts
  3 pandemonium lords
  Saint Roka (Vaults:4)
  Vashnia (Snake:2)
  Margery (Vaults:4)
  2 caustic shrikes (Depths:2)
  Norris (Snake:2)
  A Killer Klown (Zot:5)
  2 curse toes (Zot:5)
  Nikola (Depths:3)
  11 golden dragons
  the Enchantress (Depths:4)
  A bone dragon (Abyss:4)
  Jory (Vaults:4)
  A Brimstone Fiend (Zig:4)
  11 tentacled monstrosities
  5 electric golems
  Jorgrun (Snake:4)
  2 liches
  Asterion (Snake:1)
  21 Orb Guardians
  A deep elf master archer (Zig:8)
  3 quicksilver dragons
  3 titans
  Polyphemus (Shoals:2)
  Gastronok (D:8)
  Frances (Snake:2)
  A kraken (Abyss:4)
  7 sphinxes
  7 death cobs
  Agnes (Snake:4)
  13 tengu reavers
  8 storm dragons
  6 shadow dragons
  Wiglaf (Vaults:1)
  Ilsuiw (Shoals:4)
  10 greater nagas
  A thorn hunter (Depths:4)
  5 draconian monks
  3 deep elf sorcerers
  8 fire giants
  An orc warlord (Orc:1)
  9 frost giants
  3 draconian knights
  3 draconian zealots (Zot:1)
  4 draconian scorchers
  13 vault wardens
  5 ghost moths
  2 balrugs
  A chaos champion (Zig:6)
  3 iron dragons
  Aizul (Vaults:1)
  2 angels (Depths:2)
  4 draconian shifters
  8 spriggan defenders
  27 stone giants
  15 ironheart preservers
  2 war gargoyles (Vaults:5)
  3 draconian annihilators
  5 vampire knights
  15 very ugly things
  5 black draconians
  5 deep elf annihilators
  5 draconian callers
  A salamander stormcaller (Vaults:4)
  A deep elf demonologist (Vaults:5)
  6 spark wasps
  2 mottled draconians
  9 white draconians
  4 purple draconians
  5 green draconians
  12 yellow draconians
  12 red draconians
  An eidolon (Abyss:4)
  2 black suns (Zig:6)
  Snorg (D:13)
  A green death (Zig:6)
  A crystal guardian (Vaults:4)
  3 deep elf death magi
  18 large abominations
  5 merfolk javelineers
  13 ettins
  20 fire dragons
  17 great orbs of eyes
  36 vault guards
  6 merfolk impalers
  17 yaktaur captains
  2 rakshasas (Depths:3)
  3 deep elf high priests
  12 naga warriors
  5 entropy weavers
  Harold (D:10)
  25 ice dragons
  3 hell beasts
  6 catoblepae
  7 hydras
  8 centaur warriors
  6 spriggan air magi
  A ghost crab (shapeshifter) (Depths:5)
  3 death knights
  16 anacondas
  4 satyrs
  A merfolk avatar (Shoals:1)
  5 tengu warriors
  4 dancing weapons
  5 merfolk aquamancers
  17 death yaks
  9 deep troll shamans
  7 thrashing horrors
  7 deep troll earth magi
  19 ogre magi
  2 hell hogs (Abyss:4)
  An orc high priest (Orc:2)
  13 shock serpents
  11 spriggan berserkers
  A titan zombie (Vaults:4)
  3 vampire magi
  9 deep elf knights
  16 naga sharpshooters
  4 iron trolls
  21 hell knights
  A wretched star (Abyss:4)
  2 fire crabs
  6 salamander mystics
  A skeletal warrior (Vaults:2)
  8 small abominations
  A fire crab (shapeshifter) (Depths:2)
  38 deep trolls
  7 giant orange brains
  5 shadow wraiths
  6 unseen horrors
  An obsidian statue (Zot:5)
  4 flayed ghosts
  10 deep elf archers
  6 naga ritualists
  A tengu zombie (Vaults:5)
  Pikel (D:7)
  3 lindwurms (Snake:4)
  A wizard (Vaults:2)
  7 harpies
  13 sea snakes
  5 hill giants
  13 necromancers
  An orange crystal statue (Zig:2)
  8 phantasmal warriors
  13 orc knights
  2 harpies (shapeshifter)
  A lindwurm (shapeshifter) (Depths:4)
  12 ironbrand convokers
  21 mana vipers
  14 griffons
  7 wolf spiders
  7 orc sorcerers
  23 fauns
  2 shining eyes (Abyss:4)
  2 stone giant zombies
  A cyclops (shapeshifter) (Vaults:5)
  40 ugly things
  19 deep elf magi
  A frost giant zombie (Zig:4)
  13 salamanders
  A shining eye (shapeshifter) (Depths:2)
  A hornet (Vaults:1)
  7 water nymphs
  13 manticores
  2 sixfirhies
  14 elephants
  A moth of wrath (shapeshifter) (Depths:3)
  2 sirens
  9 cyclopes
  A manticore (shapeshifter) (Depths:3)
  2 octopodes (shapeshifter)
  2 hornets (shapeshifter) (Vaults:2)
  25 moths of wrath
  2 ice statues (IceCv)
  A stone giant skeleton (Vaults:2)
  10 vault sentinels
  10 guardian serpents
  A salamander (shapeshifter) (Depths:3)
  5 human skeletons
  40 black mambas
  A titan simulacrum (Vaults:5)
  2 eyes of devastation (Abyss:4)
  Maurice (D:12)
  2 black mambas (shapeshifter)
  10 spiny frogs
  An apocalypse crab (Abyss:4)
  A spiny frog (shapeshifter) (Vaults:3)
  A torpor snail (Lair:7)
  2 smoke demons (Abyss:4)
  Joseph (D:7)
  26 naga magi
  A storm dragon simulacrum (Vaults:3)
  60 yaktaurs
  2 kobold demonologists (D:10)
  3 rime drakes
  2 yaktaurs (shapeshifter)
  An efreet (Zig:1)
  6 freezing wraiths
  A hellwing (Depths:1)
  A harpy zombie (D:15)
  13 komodo dragons
  2 hellions
  2 red devils
  A tormentor (D:9)
  2 trolls (shapeshifter) (Depths:2)
  An ancient zyme (Abyss:4)
  6 tengu conjurers
  A queen bee (shapeshifter) (Vaults:1)
  2 tengu simulacra (Vaults:4)
  The ghost of Vahdor the Shield-Bearer, an amateur MiFi of the Shining One (D:3)
  5 wind drakes
  A jumping spider (shapeshifter) (Vaults:4)
  A merfolk (shapeshifter) (Vaults:2)
  7 trolls
  7 boulder beetles
  13 merfolk
  3 jumping spiders
  Grinder (D:3)
  45 two-headed ogres
  A harpy skeleton (D:14)
  2 boulder beetles (shapeshifter)
  26 slime creatures
  4 raiju (Abyss:4)
  11 snapping turtles
  3 human simulacra
  6 blink frogs
  A frost giant simulacrum (Vaults:1)
  15 redbacks
  Prince Ribbit (D:8)
  A redback (shapeshifter) (Vaults:5)
  2 ynoxinuls
  A centaur simulacrum (D:15)
  A flying skull (Zig:4)
  3 shadows
  21 water elementals
  10 spriggans
  2 tarantellas
  67 yaks
  A yak (shapeshifter) (Vaults:3)
  A vampire (D:13)
  2 spriggans (shapeshifter)
  An elf zombie (Zig:4)
  4 air elementals (Depths:3)
  8 wraiths
  3 wyverns
  A human (shapeshifter) (Depths:2)
  A golden eye (shapeshifter) (Vaults:2)
  A golden eye (Abyss:4)
  2 yaktaur simulacra
  5 basilisks
  A fire elemental (Zig:8)
  3 hungry ghosts
  5 neqoxecs
  11 hippogriffs
  10 vampire mosquitoes
  A hippogriff (shapeshifter) (Vaults:3)
  4 chaos spawn
  51 nagas
  19 wolves
  A soldier ant (shapeshifter) (Vaults:3)
  9 wargs
  5 mottled dragons
  A water moccasin (shapeshifter) (Vaults:1)
  Menkaure (D:5)
  12 water moccasins
  A hell hound (Depths:4)
  2 soldier ants (D:8)
  7 porcupines
  44 orc warriors
  Duvessa (D:5)
  3 sky beasts
  An ettin simulacrum (Vaults:5)
  18 ice beasts
  4 phantoms
  5 black bears
  3 eyes of draining
  12 wasps
  67 ogres
  14 boggarts
  8 centaurs
  16 crocodiles
  6 big kobolds
  21 giant frogs
  Dowan (D:5)
  3 wyvern skeletons (D:12)
  18 scorpions
  14 killer bees
  3 electric eels
  A howler monkey (D:11)
  6 centaur zombies
  3 crimson imps
  6 human zombies
  A quasit (D:10)
  2 giant frog zombies (D:7)
  A gnoll shaman (D:7)
  6 jellies
  34 orc priests
  4 giant frog skeletons
  7 centaur skeletons
  6 hounds
  41 orc wizards
  An iron imp (Abyss:4)
  Jessica (D:3)
  11 iguanas
  Natasha (thrice) (D:3)
  A lightning spire (Zig:8)
  10 worker ants
  27 sheep
  A hound zombie (D:9)
  2 mummies (Ossuary)
  16 gnolls
  A howler monkey skeleton (D:6)
  5 scorpion zombies (Ossuary)
  13 adders
  An adder (shapeshifter) (Vaults:5)
  41 river rats
  3 shadow imps
  An ufetubus (Abyss:4)
  An adder skeleton (D:4)
  6 worms
  A dart slug (D:2)
  6 giant geckos
  105 orcs
  8 ball pythons
  10 giant cockroaches
  A giant cockroach (shapeshifter) (Vaults:5)
  A gnoll zombie (Ossuary)
  8 goblins
  7 hobgoblins
  15 jackals
  3 quokkas
  27 bats
  4 giant newts
  A hobgoblin zombie (Ossuary)
  19 kobolds
  3 kobold zombies (Ossuary)
  2 orc zombies (Ossuary)
  14 rats
  A briar patch (Depths:4)
  A crawling corpse (Vaults:5)
  2 plants
  A starspawn tentacle (Abyss:4)
  2 tentacles (Abyss:4)
  2 tentacle segments (Abyss:4)
2597 creatures vanquished.

Vanquished Creatures (collateral kills)
  A sphinx (Depths:3)
  A greater naga (Snake:4)
  A stone giant (Depths:3)
  A deep elf demonologist (Zig:8)
  An ettin (Depths:3)
  2 naga warriors (Snake:4)
  A spriggan air mage (Depths:3)
  2 hydras (Lair:6)
  A death yak (Lair:6)
  A hell knight (Vaults:4)
  A lindwurm (Snake:4)
  2 fauns
  An elephant (Lair:8)
  5 naga magi (Snake:4)
  A two-headed ogre (Vaults:2)
  A redback (Depths:3)
  2 air elementals (Depths:3)
  4 yaks (Lair:6)
  A naga (Snake:4)
  3 ogres
  4 river rats
37 creatures vanquished.

Vanquished Creatures (others)
  An eldritch tentacle (Zot:5)
  An ogre mage (Depths:2)
  A hell knight (Vaults:4)
  A cyclops (Shoals:4)
  An ice devil (D:11)
  A freezing wraith (Vaults:5)
  A two-headed ogre (Vaults:2)
  An air elemental (Depths:3)
  3 chaos spawn
  A spatial vortex (Abyss:4)
  A large abomination (Abyss:4)
  A boggart (Depths:4)
  2 ogres
  3 scorpions (Ossuary)
  A jelly (D:7)
  A mummy (Ossuary)
  2 bats (D:7)
  A giant cockroach (D:7)
  A goblin zombie (Ossuary)
  A hobgoblin zombie (Ossuary)
  A briar patch (Depths:4)
  A bush (Lair:7)
  129 eldritch tentacle segments (Zot:5)
  2 fire vortices (Abyss:4)
  34 fungi
  A lurking horror (Abyss:4)
  93 plants
  17 starspawn tentacles (Abyss:4)
  225 starspawn tentacle segments (Abyss:4)
  7 tentacles (Abyss:4)
  436 tentacle segments (Abyss:4)
972 creatures vanquished.

Grand Total: 3606 creatures vanquished

Notes
Turn   | Place    | Note
--------------------------------------------------------------
     0 | D:1      | Speciesxx the Minotaur Wanderer began the quest for the Orb.
     0 | D:1      | Speciesxx set off with: a book of Spatial Translocations, the Volume of Attacks, a scroll of teleportation, a +0 robe, a +0 club, a bread ration
     0 | D:1      | Reached XP level 1. HP: 14/14 MP: 0/0
     0 | D:1      | Identified the Volume of Attacks
   148 | D:1      | Reached skill level 1 in Fighting
   208 | D:1      | Reached XP level 2. HP: 21/24 MP: 1/1
   818 | D:2      | Reached XP level 3. HP: 31/31 MP: 2/2
  1150 | D:3      | Found a blossoming altar of Fedhas.
  1218 | D:3      | Noticed Vahdor's ghost (amateur MiFi)
  1244 | D:4      | Reached XP level 4. HP: 36/40 MP: 3/3
  1254 | D:4      | Found a sand-covered staircase.
  1259 | Ossuary  | Entered an ossuary
  1302 | Ossuary  | Reached XP level 5. HP: 34/46 MP: 4/4
  1307 | Ossuary  | Reached skill level 1 in Long Blades
  1598 | Ossuary  | Reached XP level 6. HP: 29/53 MP: 5/5
  2027 | Ossuary  | Reached skill level 5 in Fighting
  2360 | Ossuary  | Reached skill level 5 in Long Blades
  2360 | Ossuary  | Reached XP level 7. HP: 52/61 MP: 6/6
  2836 | D:3      | Noticed Natasha
  2840 | D:3      | Killed Natasha
  2841 | D:3      | Found a faded altar to an unknown god.
  2841 | D:3      | Noticed Jessica
  2842 | D:3      | Killed Jessica
  2929 | D:4      | Found a staircase to the Ecumenical Temple.
  2938 | Temple   | Entered the Ecumenical Temple
  3085 | D:5      | Entered Level 5 of the Dungeon
  3174 | D:5      | Found a basalt altar of Yredelemnul.
  3177 | D:5      | Found a bloodstained altar of Trog.
  3182 | D:5      | Became a worshipper of Trog the Wrathful
  3195 | D:5      | Found a shattered altar of Ashenzari.
  3217 | D:5      | Noticed Menkaure
  3302 | D:5      | Noticed Duvessa
  3302 | D:5      | Noticed Dowan
  3326 | D:5      | Killed Duvessa
  3326 | D:5      | Reached XP level 8. HP: 39/71 MP: 7/7
  3327 | D:5      | Killed Dowan
  3382 | D:5      | Found a glowing drain.
  3492 | D:5      | Killed Menkaure
  3528 | Sewer    | Entered a sewer
  3971 | D:5      | Reached * piety under Trog
  4563 | D:3      | Noticed Grinder
  4582 | D:3      | Killed Grinder
  4582 | D:3      | Reached skill level 10 in Long Blades
  4596 | D:3      | Noticed Natasha
  4607 | D:3      | Killed Natasha
  4612 | D:3      | Reached ** piety under Trog
  4622 | D:3      | Killed Vahdor's ghost
  4622 | D:3      | Reached XP level 9. HP: 72/82 MP: 8/8
  4723 | D:3      | Noticed Natasha
  4730 | D:3      | Killed Natasha
  4938 | D:3      | Noticed an oklob plant
  5567 | D:6      | Found an opulent altar of Gozag.
  6023 | D:7      | Found an oddly glowing altar of Pakellas.
  6023 | D:7      | Noticed an orange crystal statue
  6120 | D:7      | Found a radiant altar of Vehumet.
  6127 | D:7      | Reached skill level 5 in Armour
  6162 | D:7      | Reached *** piety under Trog
  6594 | D:7      | Noticed Pikel
  6649 | D:7      | Killed Pikel
  6649 | D:7      | Reached XP level 10. HP: 91/91 MP: 9/9
  6921 | D:7      | Found an iron altar of Okawaru.
  7192 | D:7      | Noticed Joseph
  7215 | D:7      | Killed Joseph
  7401 | D:8      | Reached **** piety under Trog
  7497 | D:8      | Noticed Prince Ribbit
  7503 | D:8      | Killed Prince Ribbit
  7794 | D:8      | Found a burning altar of Makhleb.
  7880 | D:8      | Noticed Gastronok
  7928 | D:8      | Killed Gastronok
  7928 | D:8      | Reached skill level 10 in Armour
  8007 | D:8      | Reached XP level 11. HP: 85/97 MP: 7/10
  8280 | D:8      | Upgraded the game from 0.18-a0-1418-ga86aa8f to 0.18-a0-1426-g3b9a63c
  8491 | D:9      | Found a deep blue altar of Sif Muna.
  8500 | D:9      | Reached ***** piety under Trog
  8546 | D:9      | Reached skill level 1 in Dodging
  8707 | D:9      | Noticed a hill giant
  8743 | D:9      | Killed a hill giant
  8878 | D:9      | Found Fyggamep's Weapon Emporium.
  8878 | D:9      | Found a staircase to the Orcish Mines.
  8906 | D:9      | Found a shimmering altar of Xom.
  9191 | D:10     | Entered Level 10 of the Dungeon
  9354 | D:10     | Reached skill level 15 in Long Blades
  9416 | D:10     | Noticed a soul eater
  9639 | D:10     | Noticed a hill giant
  9653 | D:10     | Killed a hill giant
  9735 | D:10     | Received a gift from Trog
 10110 | D:10     | Noticed Harold
 10129 | D:10     | Killed Harold
 10479 | D:11     | Noticed a hill giant
 10485 | D:11     | Killed a hill giant
 10485 | D:11     | Reached skill level 5 in Dodging
 10551 | D:11     | Found a frozen archway.
 10560 | IceCv    | Entered an ice cave
 10872 | IceCv    | Reached XP level 12. HP: 47/104 MP: 5/11
 11224 | IceCv    | Noticed an ice dragon
 11224 | IceCv    | Noticed an ice dragon
 11233 | IceCv    | Killed an ice dragon
 11238 | IceCv    | Killed an ice dragon
 11579 | D:11     | Noticed a centaur warrior
 11587 | D:11     | Killed a centaur warrior
 11610 | D:11     | Got a bloodstained plate armour
 11621 | D:11     | Identified the cursed +1 plate armour "Teingyl" {Int+4} (You found it on level 11 of the Dungeon)
 12108 | D:12     | Noticed Maurice
 12122 | D:12     | Killed Maurice
 12948 | D:12     | Reached skill level 10 in Fighting
 13031 | D:12     | Found Sinkausi's Gadget Emporium.
 13367 | D:9      | Found a staircase to the Lair.
 13376 | Lair:1   | Entered Level 1 of the Lair of Beasts
 13442 | Lair:1   | Found a dark tunnel.
 13481 | Volcano  | Entered a volcano
 13500 | Volcano  | Found a radiant altar of Vehumet.
 13881 | Lair:1   | Got a pitted blowgun
 13882 | Lair:1   | Identified the +9 blowgun "Puogi" {evade, rF+} (You found it on level 1 of the Lair of Beasts)
 13902 | Lair:1   | Received a gift from Trog
 14058 | Lair:2   | Reached XP level 13. HP: 102/113 MP: 10/12
 15138 | Lair:3   | Reached skill level 10 in Dodging
 15138 | Lair:3   | Reached XP level 14. HP: 122/122 MP: 13/13
 15255 | Lair:3   | Found a staircase to the Snake Pit.
 15666 | Lair:3   | Received a gift from Trog
 16369 | Lair:4   | Found a staircase to the Shoals.
 18672 | Lair:7   | Reached ****** piety under Trog
 18677 | Lair:8   | Entered Level 8 of the Lair of Beasts
 18708 | Lair:8   | Reached XP level 15. HP: 120/133 MP: 11/14
 18742 | Lair:7   | Received a gift from Trog
 19357 | Lair:8   | Found a staircase to the Slime Pits.
 19357 | Lair:8   | Found a viscous altar of Jiyva.
 19563 | Lair:8   | Received a gift from Trog
 20374 | Lair:7   | Identified a +5 rod of ignition (13/13) (You found it on level 7 of the Lair of Beasts)
 21976 | D:13     | Noticed Snorg
 21987 | D:13     | Killed Snorg
 22552 | D:14     | Received a gift from Trog
 22819 | D:14     | Found a gate to the Vaults.
 22862 | D:14     | Reached skill level 15 in Armour
 22896 | D:14     | Reached XP level 16. HP: 127/147 MP: 12/15
 23109 | Orc:1    | Entered Level 1 of the Orcish Mines
 23311 | Orc:2    | Entered Level 2 of the Orcish Mines
 23366 | Orc:1    | Received a gift from Trog
 23733 | Orc:2    | Found a staircase to the Elven Halls.
 23745 | Orc:1    | Reached skill level 15 in Fighting
 24283 | Orc:2    | Received a gift from Trog
 24382 | Orc:2    | Found Cesmejoh's Antique Weapon Boutique.
 24382 | Orc:2    | Found Dubi's Magic Scroll Boutique.
 24382 | Orc:2    | Found Jyluqaont's Food Shop.
 24385 | Orc:2    | Found Emerururgh's Antique Armour Shop.
 24472 | Orc:2    | Bought a fine scale mail for 252 gold pieces
 24472 | Orc:2    | Bought a pair of glowing gloves for 126 gold pieces
 24472 | Orc:2    | Bought a warped leather armour for 196 gold pieces
 24474 | Orc:2    | Bought a scroll of teleportation for 45 gold pieces
 24474 | Orc:2    | Bought a scroll of identify for 30 gold pieces
 24474 | Orc:2    | Bought a scroll of teleportation for 45 gold pieces
 24474 | Orc:2    | Bought a scroll of identify for 30 gold pieces
 24474 | Orc:2    | Bought a scroll of identify for 30 gold pieces
 24474 | Orc:2    | Bought a scroll of teleportation for 45 gold pieces
 24474 | Orc:2    | Bought a scroll of enchant armour for 112 gold pieces
 24480 | Orc:2    | Identified the +0 scale mail of Buof {rN+} (You bought it in a shop on level 2 of the Orcish Mines)
 24481 | Orc:2    | Identified the +0 leather armour "Nogutun" {-Cast rPois rF+ rN+} (You bought it in a shop on level 2 of the Orcish Mines)
 24611 | Orc:2    | Found a roughly hewn altar of Beogh.
 25000 | Snake:1  | Entered Level 1 of the Snake Pit
 25420 | Snake:1  | Noticed Asterion
 25428 | Snake:1  | Killed Asterion
 26125 | Snake:2  | Received a gift from Trog
 26268 | Snake:2  | Got a slimy long sword {god gift}
 26269 | Snake:2  | Identified the +1 long sword "Lusutiw" {slice, rElec} (Trog gifted it to you on level 2 of the Snake Pit)
 26875 | Snake:2  | Noticed Frances
 26891 | Snake:2  | Killed Frances
 27000 | Snake:2  | Noticed Norris
 27010 | Snake:2  | Killed Norris
 27516 | Snake:2  | Noticed Vashnia
 27560 | Snake:2  | Killed Vashnia
 27560 | Snake:2  | Reached XP level 17. HP: 85/161 MP: 9/16
 28738 | Snake:3  | Received a gift from Trog
 29191 | Snake:3  | Found a stormy altar of Qazlal.
 30005 | Snake:4  | Entered Level 4 of the Snake Pit
 31040 | Snake:4  | Noticed Jorgrun
 31058 | Snake:4  | Killed Jorgrun
 31273 | Snake:4  | Received a gift from Trog
 31950 | Snake:4  | Reached XP level 18. HP: 161/176 MP: 12/17
 32084 | Snake:4  | Noticed Agnes
 32096 | Snake:4  | Killed Agnes
 32103 | Snake:4  | Gained mutation: You are partially covered in iridescent scales (AC +4). [potion of beneficial mutation]
 32213 | Snake:4  | Received a gift from Trog
 32793 | Snake:4  | Got a serpentine rune of Zot
 33900 | D:15     | Entered Level 15 of the Dungeon
 34224 | D:15     | Received a gift from Trog
 34279 | D:15     | Found a staircase to the Depths.
 34732 | Vaults:1 | Entered Level 1 of the Vaults
 35530 | Vaults:1 | Received a gift from Trog
 35531 | Vaults:1 | Noticed Aizul
 35539 | Vaults:1 | Noticed Wiglaf
 35870 | D:14     | Found Pist's Magic Scroll Boutique.
 35884 | D:14     | Bought a scroll of brand weapon for 240 gold pieces
 36425 | Shoals:1 | Entered Level 1 of the Shoals
 36832 | Shoals:2 | Noticed Polyphemus
 36954 | Shoals:2 | Killed Polyphemus
 37283 | Shoals:1 | Reached XP level 19. HP: 167/187 MP: 16/18
 37716 | Shoals:4 | Entered Level 4 of the Shoals
 37716 | Shoals:4 | Found Kiwavas's Distillery.
 37743 | Shoals:4 | Bought a potion of resistance for 150 gold pieces
 37743 | Shoals:4 | Bought a potion of heal wounds for 75 gold pieces
 37743 | Shoals:4 | Bought a potion of heal wounds for 75 gold pieces
 37743 | Shoals:4 | Bought a potion of haste for 150 gold pieces
 37743 | Shoals:4 | Bought a potion of curing for 45 gold pieces
 38244 | Shoals:4 | Noticed Ilsuiw
 38880 | Shoals:4 | Killed Ilsuiw
 39528 | Shoals:4 | Found Veucs's Jewellery Boutique.
 39536 | Shoals:4 | Bought a +5 amulet of reflection for 500 gold pieces
 39562 | Shoals:4 | Got a barnacled rune of Zot
 39862 | Shoals:4 | Found Oches's Armour Emporium.
 39995 | Shoals:2 | Gained mutation: You are covered in fur (AC +1). [potion of beneficial mutation]
 40021 | Shoals:1 | Found Xodoith's Antique Weapon Boutique.
 40318 | Shoals:1 | Received a gift from Trog
 40858 | Vaults:1 | Got a brightly glowing iron ring
 40871 | Vaults:1 | Found Naofisu's Magic Scroll Emporium.
 40872 | Vaults:1 | Identified the cursed ring of Quhom {rPois AC-4 Dex+3} (You took it off a vault sentinel on level 1 of the Vaults)
 40882 | Vaults:1 | Killed Aizul
 40891 | Vaults:1 | Bought a scroll of acquirement for 988 gold pieces
 40891 | Vaults:1 | Bought a scroll of identify for 38 gold pieces
 41195 | Vaults:1 | Killed Wiglaf
 41221 | Vaults:1 | Got a transparent plate armour
 41222 | Vaults:1 | Identified the +3 plate armour of Qecsoc {rElec Dex+5} (You found it on level 1 of the Vaults)
 41968 | Vaults:2 | Found Ugoudab's Jewellery Shop.
 42365 | Vaults:2 | Received a gift from Trog
 42575 | Vaults:2 | Reached XP level 20. HP: 198/198 MP: 19/19
 42714 | Vaults:2 | Received a gift from Trog
 43037 | Vaults:2 | Received a gift from Trog
 43038 | Vaults:2 | Got a jewelled great sword {god gift}
 43039 | Vaults:2 | Identified the +7 great sword of Hedonism {slice, rC+ Int+2} (Trog gifted it to you on level 2 of the Vaults)
 44411 | Vaults:3 | Found Gozag's Antique Weapon Shoppe.
 44425 | Vaults:3 | Found an opulent altar of Gozag.
 44425 | Vaults:3 | Found Gozag's Antique Weapon Emporium.
 44521 | Vaults:3 | Found Gozag's Antique Weapon Emporium.
 44607 | Vaults:3 | Got a wavering silver ring
 44608 | Vaults:3 | Identified the ring "Hatexuth" {rElec rC+ MR+ Str+5 Int+4} (You found it on level 3 of the Vaults)
 44733 | Vaults:3 | Found a staircase to the Crypt.
 45082 | Vaults:3 | Received a gift from Trog
 45516 | Vaults:4 | Noticed Margery
 45516 | Vaults:4 | Noticed Saint Roka
 45536 | Vaults:4 | Killed Margery
 45536 | Vaults:4 | Reached XP level 21. HP: 210/210 MP: 14/20
 45951 | Vaults:4 | Killed Saint Roka
 46141 | Vaults:4 | Noticed Mara
 46154 | Vaults:4 | Noticed Speciesxx's illusion
 46274 | Vaults:4 | Noticed Speciesxx's illusion
 46457 | Vaults:4 | Received a gift from Trog
 46498 | Vaults:4 | Noticed Jory
 46519 | Vaults:4 | Killed Jory
 46562 | Vaults:4 | Received a gift from Trog
 47089 | Vaults:5 | Entered Level 5 of the Vaults
 47499 | Vaults:5 | Received a gift from Trog
 47808 | Vaults:5 | Reached XP level 22. HP: 222/222 MP: 14/21
 48195 | Vaults:4 | Got a polished hat
 48206 | Vaults:4 | Identified the +0 hat of Pakigum {+Fly Regen+ Dex-2} (You acquired it on level 4 of the Vaults)
 48474 | Vaults:5 | Received a gift from Trog
 49119 | Vaults:5 | Reached skill level 27 in Long Blades
 49436 | Vaults:5 | Found Gatac's Antique Weapon Shoppe.
 49925 | Vaults:5 | Received a gift from Trog
 50177 | Vaults:5 | Noticed an ancient lich
 50380 | Vaults:5 | Reached skill level 1 in Evocations
 50444 | Vaults:5 | Got a silver rune of Zot
 50843 | D:14     | Bought a scroll of identify for 24 gold pieces
 50843 | D:14     | Bought a scroll of identify for 24 gold pieces
 50843 | D:14     | Bought a scroll of enchant weapon for 90 gold pieces
 51131 | Depths:1 | Entered Level 1 of the Depths
 51258 | Depths:1 | Found a gateway to Hell.
 51392 | Depths:1 | Reached skill level 5 in Evocations
 51410 | Depths:1 | Reached XP level 23. HP: 221/234 MP: 23/25
 51773 | Depths:1 | Received a gift from Trog
 51827 | Depths:1 | Found a one-way gate leading to the halls of Pandemonium.
 51845 | Depths:1 | Gained mutation: You are dopey. (Int -2) [a neqoxec]
 52458 | Depths:2 | Paralysed by a vampire knight for 7 turns
 52572 | Depths:2 | Found a one-way gate to the infinite horrors of the Abyss.
 52687 | Depths:2 | Found Uhaxyon's Distillery.
 52750 | Depths:2 | Noticed a caustic shrike
 52769 | Depths:2 | Killed a caustic shrike
 53024 | Depths:2 | Noticed a caustic shrike
 53029 | Depths:2 | Killed a caustic shrike
 53619 | Depths:2 | Reached skill level 10 in Evocations
 53673 | Depths:2 | Found a gateway to a ziggurat.
 54052 | Depths:3 | Received a gift from Trog
 54410 | Depths:3 | Cast into level 4 of the Abyss (a Zot trap)
 54451 | Abyss:4  | Gained mutation: You tend to lose your temper in combat. [a neqoxec]
 54590 | Abyss:4  | Paralysed by an apocalypse crab for 2 turns
 54592 | Abyss:4  | Lost mutation: You are covered in fur (AC +1). [potion of cure mutation]
 54592 | Abyss:4  | Lost mutation: You are dopey. (Int -2) [potion of cure mutation]
 54592 | Abyss:4  | Lost mutation: You tend to lose your temper in combat. [potion of cure mutation]
 54592 | Abyss:4  | Lost mutation: You are partially covered in iridescent scales (AC +4). [potion of cure mutation]
 54601 | Abyss:4  | Gained mutation: Armour fits poorly on your strangely shaped body. [a shining eye]
 54642 | Abyss:4  | Gained mutation: You occasionally shout uncontrollably at your foes. [a neqoxec]
 54643 | Abyss:4  | Gained mutation: You are dopey. (Int -2) [a shining eye]
 54651 | Abyss:4  | Gained mutation: Your body sometimes deteriorates upon taking damage. [a neqoxec]
 54652 | Abyss:4  | Gained mutation: You sometimes yell uncontrollably at your foes. [a neqoxec]
 54687 | Abyss:4  | Received a gift from Trog
 54717 | Abyss:4  | Paralysed by a giant eyeball for 3 turns
 54821 | Abyss:4  | Found a corrupted altar of Lugonu.
 54865 | Abyss:4  | Gained mutation: Your magical capacity is low (-10% MP). [a neqoxec]
 54867 | Abyss:4  | Gained mutation: Your magical capacity is very low (-20% MP). [a neqoxec]
 55127 | Abyss:4  | Reached XP level 24. HP: 245/245 MP: 23/23
 55189 | Depths:3 | Escaped the Abyss
 55201 | Depths:3 | Reached skill level 15 in Dodging
 55425 | Depths:3 | Noticed a juggernaut
 55438 | Depths:3 | Killed a juggernaut
 55445 | Depths:3 | Noticed a juggernaut
 55542 | Depths:3 | Noticed Nikola
 55556 | Depths:3 | Killed Nikola
 56131 | Depths:3 | Noticed a juggernaut
 56140 | Depths:3 | Killed a juggernaut
 56275 | Depths:3 | Noticed a juggernaut
 56448 | Depths:3 | Received a gift from Trog
 56994 | Depths:3 | Killed a juggernaut
 57042 | Depths:3 | Noticed a juggernaut
 57052 | Depths:3 | Killed a juggernaut
 57242 | Depths:4 | Noticed Sojobo
 57311 | Depths:4 | Found a corrupted altar of Lugonu.
 57442 | Depths:4 | Reached skill level 27 in Fighting
 57847 | Depths:4 | Killed Sojobo
 58300 | Depths:4 | Received a gift from Trog
 58342 | Depths:4 | Received a gift from Trog
 58887 | Depths:4 | Got a slimy lapis lazuli ring
 58888 | Depths:4 | Identified the ring "Baomi" {*Drain +Fly rC+ MP+9 Str+5} (You took it off a spriggan defender on level 4 of the Depths)
 58954 | Depths:4 | Noticed the Enchantress
 58999 | Depths:4 | Reached XP level 25. HP: 257/257 MP: 21/23
 59005 | Depths:4 | Killed the Enchantress
 59222 | Depths:4 | Got a faerie dragon armour
 59223 | Depths:4 | Identified the +5 faerie dragon armour {Stlth+} (You took it off the Enchantress on level 4 of the Depths)
 59261 | Depths:4 | Lost mutation: Your body sometimes deteriorates upon taking damage. [potion of cure mutation]
 59261 | Depths:4 | Lost mutation: Armour fits poorly on your strangely shaped body. [potion of cure mutation]
 59261 | Depths:4 | Lost mutation: You are dopey. (Int -2) [potion of cure mutation]
 59261 | Depths:4 | Lost mutation: Your magical capacity is very low (-20% MP). [potion of cure mutation]
 59499 | Depths:5 | Entered Level 5 of the Depths
 59503 | Depths:5 | Found Cuopacon's Antique Weapon Shoppe.
 59707 | Depths:5 | Found Etosin's Antique Armour Boutique.
 59873 | Depths:5 | Bought a polished cloak for 218 gold pieces
 59873 | Depths:5 | Identified the +1 cloak "Iqiuseeps" {rN+ MR+ Str-3 Dex+4} (You bought it in a shop on level 5 of the Depths)
 60378 | Depths:5 | Identified a +2 rod of shadows (2/12) (You took it off a hell knight on level 5 of the Depths)
 60713 | Depths:5 | Received a gift from Trog
 60803 | Depths:5 | Found a gate to the Realm of Zot.
 61165 | Depths:5 | Noticed a juggernaut
 61182 | Depths:5 | Killed a juggernaut
 61415 | Zig:1    | Entered Level 1 of a ziggurat
 61436 | Zig:2    | Entered Level 2 of a ziggurat
 61582 | Zig:3    | Entered Level 3 of a ziggurat
 61585 | Zig:3    | Noticed Poynad the pandemonium lord
 61594 | Zig:3    | Killed Poynad the pandemonium lord
 61640 | Zig:4    | Entered Level 4 of a ziggurat
 61790 | Zig:5    | Entered Level 5 of a ziggurat
 61845 | Zig:6    | Entered Level 6 of a ziggurat
 61853 | Zig:6    | Noticed Ujiplayl the pandemonium lord
 61867 | Zig:6    | Killed Ujiplayl the pandemonium lord
 61940 | Zig:7    | Entered Level 7 of a ziggurat
 62032 | Zig:8    | Entered Level 8 of a ziggurat
 62156 | Zig:8    | Identified the Papyrus of the Birds and Protection
 62300 | Zot:1    | Entered Level 1 of the Realm of Zot
 62369 | Zot:1    | Received a gift from Trog
 62529 | Zot:1    | Reached XP level 26. HP: 258/266 MP: 24/26
 63966 | Zot:2    | Received a gift from Trog
 64481 | Zot:5    | Entered Level 5 of the Realm of Zot
 65019 | Zot:3    | Received a gift from Trog
 65534 | Zot:4    | Reached skill level 27 in Armour
 66260 | Zot:5    | Reached XP level 27. HP: 182/273 MP: 19/27
 66551 | Zot:5    | Received a gift from Trog
 66716 | Zot:5    | Noticed an ancient lich
 66725 | Zot:5    | Killed an ancient lich
 66778 | Zot:5    | Noticed an ancient lich
 66779 | Zot:5    | Paralysed by a Zot trap for 2 turns
 66797 | Zot:5    | Killed an ancient lich
 66845 | Zot:5    | Noticed an orb of fire
 66878 | Zot:5    | Noticed an ancient lich
 66892 | Zot:5    | Killed an orb of fire
 66894 | Zot:5    | Killed an ancient lich
 66899 | Zot:5    | Noticed an orb of fire
 66902 | Zot:5    | Gained mutation: You are clumsy. (Dex -2) [an orb of fire]
 66907 | Zot:5    | Killed an orb of fire
 66985 | Zot:5    | Noticed an ancient lich
 66997 | Zot:5    | Killed an ancient lich
 67008 | Zot:5    | Noticed an ancient lich
 67023 | Zot:5    | Killed an ancient lich
 67023 | Zot:5    | Reached skill level 15 in Evocations
 67076 | Zot:5    | Noticed an orb of fire
 67085 | Zot:5    | Gained mutation: Armour fits poorly on your strangely shaped body. [an orb of fire]
 67091 | Zot:5    | Killed an orb of fire
 67107 | Zot:5    | Noticed an orb of fire
 67125 | Zot:5    | Killed an orb of fire
 67233 | Zot:5    | Noticed an ancient lich
 67254 | Zot:5    | Killed an ancient lich
 67255 | Zot:5    | Noticed an orb of fire
 67255 | Zot:5    | Gained mutation: Your body sometimes deteriorates upon taking damage. [an orb of fire]
 67556 | Zot:5    | Killed an orb of fire
 67602 | Zot:5    | Noticed an ancient lich
 67605 | Zot:5    | Killed an ancient lich
 67616 | Zot:5    | Noticed an ancient lich
 67623 | Zot:5    | Killed an ancient lich
 68068 | Zot:5    | Got the Orb of Zot
 68239 | Depths:4 | Noticed Kuunejoe the pandemonium lord
 68264 | Depths:3 | Killed Kuunejoe the pandemonium lord
 68531 | D:11     | Noticed Mosuazua the pandemonium lord
 68620 | D:9      | Noticed Keotuset the pandemonium lord
 68625 | D:9      | Killed from afar by Keotuset the pandemonium lord

Vault maps used:
D:1:      dpeg_arrival_boxorama
D:3:      tgw_fedhas, ecumenical_altar_2, uniq_jessica, uniq_grinder,
          uniq_natasha
D:4:      minmay_temple_entry_poolview, first_bread, enter_ossuary_2
D:5:      grunt_temple_overflow_diamond, gup_sewer_entry_glass,
          solitary_fountain, uniq_menkaure, uniq_duvessa
D:6:      grunt_gozag_statues
D:7:      old_forge, vehumet_crystals, gammafunk_pakellas_statue_experiment,
          david_defended_altar_orc, uniq_pikel, uniq_joseph
D:8:      basic_altar, hangedman_pestilent_swarm, minmay_bad_closet,
          grunt_ministairs_2, uniq_prince_ribbit1, uniq_gastronok
D:9:      old_standard_altar, nicolae_overflow_crystal_walls,
          grunt_lair_entry_orc_guard_hut, orc_0_dummy, serial_shops,
          nicolae_shop_crystal, nicolae_zen_rock_garden
D:10:     hangedman_decor_clover_reticule, evilmike_surprise_oklob, uniq_harold
D:11:     portal_ice_cave_entry_pillars_02, minmay_joined_circles
D:12:     serial_shops, nicolae_shop_temple_entry_statues_fountains,
          uniq_maurice
D:13:     minmay_door_square, uniq_snorg
D:14:     minmay_open_boxes_in_corner, erik_vaults_2, serial_shops,
          kennysheep_mini_moat, minmay_crystal_room
D:15:     grunt_enter_depths_hoard, grunt_decor_fettered
Temple:   temple_eino_lava_12
Lair:1:   lightli_volcano_entry_magma_tube, grunt_megastairs_2
Lair:2:   beast_lair_carwin_large_2, grunt_megastairs_5
Lair:3:   gammafunk_lair_bear_cave, guppyfry_snake_entry_island,
          serial_bayou_shore_b
Lair:4:   statuecave_lemuel, minmay_shoals_entry_centaurs
Lair:6:   wad_woods_river_01, lemuel_fruit_tree, serial_bayou_shore_b
Lair:7:   beast_lair_carwin_11, grunt_megastairs_4
Lair:8:   evilmike_catoblepas_cave, slime_altar_1, infiniplex_staircase_pool
Shoals:1: serial_shops, shop, nicolae_shoals_siren_and_animal_friends
Shoals:2: uniq_polyphemus
Shoals:4: shoals_end_grunt_garden, shoal_ilsuiw, serial_shops, shop,
          nicolae_shop_competitors_out_of_business, nicolae_shop_statue_plus
Snake:1:  abandoned_shop, corexii_hall_statues_i, st_stairs_10,
          serial_bayou_shore_a, uniq_asterion
Snake:2:  nicolae_snake_springs, uniq_frances, uniq_norris, uniq_vashnia
Snake:3:  basic_altar, grunt_megastairs_3
Snake:4:  snake_pit_salamanders_mu, uniq_agnes, uniq_jorgrun
Orc:1:    abandoned_shop
Orc:2:    st_orc_mages, basic_altar
Vaults:1: hangedman_vaults_pinch, vaults_mumra_hexcomb, vaults_room_pool,
          ontoclasm_vaults_gallery, hangedman_vaults_slither, vaults_dpeg_hooks,
          v_misc_19, serial_shops, shop, uniq_wiglaf, uniq_aizul
Vaults:2: grunt_vaults_swirl, vaults_room_grunt_arrival_checkpoint, v_pattern_3,
          vaults_dpeg_encased_lava, v_misc_8, v_rooms_1,
          ontoclasm_vaults_ligature, v_misc_12, st_lattice,
          nicolae_vaults_mini_display_case, serial_shops, shop
Vaults:3: minmay_crypt_entry_simple_sparse, v_rooms_3, hangedman_vaults_unwind,
          v_misc_17, kennysheep_vaults_gozag_temple, v_alt_pattern_2, v_misc_5,
          vaults_mumra_lcd, v_alt_pattern_3, nicolae_vaults_what_the_h,
          v_rooms_6, ontoclasm_vaults_idyll, vaults_room_stairs_pillars
Vaults:4: hangedman_vaults_restitches, hangedman_vaults_impose,
          nicolae_vaults_big_ls, v_alt_pattern_3, nicolae_vaults_angled_halls,
          hangedman_vaults_nails, v_misc_5, v_misc_14, ontoclasm_vaults_spin,
          ontoclasm_vaults_ring_square, grunt_vaults_twisty, uniq_mara,
          uniq_jory, uniq_margery, uniq_saint_roka
Depths:1: abandoned_shop, rand_demon_pan_entry_4, special_room, hell_entry,
          kennysheep_potato, serial_bayou_shore_b
Depths:2: hangedman_cross_veins, enter_ziggurat_c, serial_shops, shop,
          abyss_entry, pf_hell_entry_great_geh, minmay_misc_feat_four_crosses
Depths:3: grunt_runaround, hell_entry, abyss_entry, serial_shops, pan_entry,
          uniq_nikola
Depths:4: grunt_forest_end_winery, minmay_misc_feat_nine_boxes, hell_entry,
          minmay_room_of_horrors, tgw_lugonu_bribe,
          minmay_staircase_statues_hall_small, serial_bayou_shore_b, uniq_sojobo
Depths:5: evilmike_zot_entry_diamond, solitary_fountain,
          pf_hell_entry_tar_spiral, serial_shops, shop, shop,
          kennysheep_pointless_box, serial_bayou_lake_a
Zot:2:    hangedman_elemental_corridor
Zot:3:    grunt_ministairs_15, nicolae_lava_and_water
Abyss:4:  kb_abyss_rune_zappy, minivault_4, minivault_28
Sewer:    sewer_fruit_machine
Ossuary:  ossuary_minmay_scorpions
IceCv:    ice_cave_small_dragons
Volcano:  kennysheep_volcano_temple

Skill      XL: |  1  2  3  4  5  6  7  8  9 10 11 12 13 14 15 16 17 18 19 20 21 22 23 24 25 26 27 |
---------------+----------------------------------------------------------------------------------+-----
Fighting       | 2 3 4 5 6 8 9 10 12 14 17 19 20 21 22 23 25 26 27 | 27.0
Shields        | 3 4 |  4.1
Long Blades    | 3 5 7 10 12 14 16 18 20 21 22 24 26 27 | 27.0
Armour         | 6 10 11 13 15 17 19 21 23 25 27 | 27.0
Dodging        | 5 7 10 11 14 17 19 20 | 20.8
Evocations     | 5 10 12 18 | 18.1
Axes           | |  1.2
Throwing       | |  1.0
Translocations | |  1.3
Air Magic      | |  2.1

Action                   |  1- 3 |  4- 6 |  7- 9 | 10-12 | 13-15 | 16-18 | 19-21 | 22-24 | 25-27 || total
-------------------------+-------+-------+-------+-------+-------+-------+-------+-------+-------++-------
Melee: Dagger            |    87 |     4 |   385 |    51 |       |       |       |       |       ||   527
       Club              |     2 |       |       |       |       |       |       |       |       ||     2
       Long sword        |       |   123 |    43 |       |       |       |       |       |       ||   166
       Double sword      |       |       |       |   557 |   860 |     3 |       |       |       ||  1420
       Great sword       |       |       |       |       |       |  1407 |  1670 |  1549 |  1268 ||  5894
       Triple sword      |       |       |       |       |       |       |       |       |    98 ||    98
 Fire: Blowgun           |     2 |       |    28 |    30 |     2 |    11 |       |       |       ||    73
Throw: Stone             |    14 |       |     1 |     7 |     1 |     8 |    13 |     6 |    10 ||    60
Invok: Burn Spellbooks   |       |       |     2 |     4 |     2 |     2 |     2 |     6 |     4 ||    22
       Berserk           |       |       |     1 |     6 |     8 |    23 |    20 |    23 |    18 ||    99
       Trog's Hand       |       |       |       |     4 |     3 |    19 |    39 |    44 |    25 ||   134
       Brothers in Arms  |       |       |       |     1 |     4 |     7 |     7 |     7 |       ||    26
Evoke: Wand              |       |       |       |     3 |    10 |     6 |     2 |     5 |    11 ||    37
       Fan of gales      |       |       |       |       |       |       |     1 |     1 |       ||     2
       Phial of floods   |       |       |       |       |       |       |       |     1 |     1 ||     2
       Lamp of fire      |       |       |       |       |       |       |       |       |     2 ||     2
  Use: Scroll            |     2 |       |    15 |    14 |    11 |    18 |    19 |    18 |    34 ||   131
       Potion            |       |       |       |     3 |     1 |    10 |    17 |     9 |    16 ||    56
 Stab: Distracted        |       |       |       |       |     1 |     1 |       |       |     1 ||     3
       Petrifying        |       |       |       |       |       |     1 |       |       |       ||     1
       Invisible         |       |       |       |       |       |       |     2 |       |       ||     2
  Eat: Chunk             |     1 |     1 |    12 |     5 |     5 |     7 |     3 |     1 |       ||    35
       Pizza             |       |     1 |     1 |     1 |       |       |     2 |     1 |     2 ||     8
       Beef jerky        |       |     1 |     1 |     8 |     2 |     4 |     2 |     1 |       ||    19
       Fruit             |       |       |       |    11 |    11 |       |     4 |     3 |       ||    29
       Bread ration      |       |       |       |     1 |     3 |    12 |     8 |     7 |     3 ||    34
       Meat ration       |       |       |       |     1 |     1 |     2 |     4 |     6 |     9 ||    23
